 Dungeon Crawl Stone Soup version 0.29-a0-393-g47a863cc1b (webtiles) character file.

Game seed: 17774365105659565729

3078 HendSelp the Basher (level 9, -3/86 HPs)
             Began as a Naga Warper on May 9, 2022.
             Slain by a spriggan
             ... wielding the +9 dagger "Isy Yhunut" {pain, rC+ Int+4 SInv Stlth-}
              (18 damage)
             ... in a bailey.
             The game lasted 00:13:25 (8223 turns).

HendSelp the Basher (Naga Warper)                   Turns: 8223, Time: 00:13:25

Health: -3/86      AC: 24    Str: 20    XL:     9   Next: 89%
Magic:  12/12      EV:  7    Int: 17    God:
Gold:   298        SH:  0    Dex: 11    Spells: 12/12 levels left

rFire   . . .      SeeInvis +   u - +1 flail (drain)
rCold   . . .      Faith    .   (no shield)
rNeg    . . .      Spirit   .   c - +5 ring mail {rPois}
rPois   +          Reflect  .   x - +0 helmet
rElec   .          Harm     .   m - +0 cloak
rCorr   .          Rampage  .   i - +0 pair of gloves
Will    +....                   o - +3 barding
Stlth   +.........              (no amulet)
HPRegen 0.24/turn               f - +6 ring of strength
MPRegen 0.13/turn               y - +4 ring of protection

@: mighty, short of breath, very slow
A: AC +3, large, see invisible, deformed body, poison resistance, slowness 2,
spit poison 1, naga tail 1
a: Spit Poison


You were in a bailey.
You visited 1 branch of the dungeon, and saw 7 of its levels.
You also visited: Ossuary and Bailey.

You collected 298 gold pieces.

Inventory:

Hand Weapons
 u - a +1 flail of draining (weapon)
Missiles
 d - 5 boomerangs of dispersal (quivered)
 j - 12 boomerangs
Armour
 c - a +5 ring mail of poison resistance (worn)
 i - a +0 pair of gloves (worn)
 m - a +0 cloak (worn)
 o - a +3 barding (worn)
 x - a +0 helmet (worn)
 z - the +1 robe "Ciar" {rC++}
   (You found it on level 6 of the Dungeon)

   rC:        It greatly protects you from cold.
 I - +0 steam dragon scales
Jewellery
 e - a ring of protection from fire
 f - a +6 ring of strength (left hand)
 k - a ring of resist corrosion
 n - a ring of willpower
 p - a +4 ring of evasion
 y - a +4 ring of protection (right hand)
Wands
 b - a wand of polymorph (5)
 h - a wand of flame (12)
 t - a wand of mindburst (11)
Scrolls
 g - 3 scrolls of fog
 l - 3 scrolls of amnesia
 G - a scroll of enchant weapon
 H - 2 scrolls of immolation
Potions
 a - 2 potions of brilliance
 q - a potion of attraction
 s - a potion of berserk rage {unknown}
 v - a potion of haste {unknown}
 w - a potion of lignification {unknown}
 A - 4 potions of magic
 B - 2 potions of mutation
 C - a potion of invisibility
 F - a potion of resistance {unknown}


   Skills:
 + Level 7.6 Fighting
 + Level 11.4 Maces & Flails
 - Level 0.8 Throwing
 - Level 0.7 Armour
 - Level 1.5 Dodging
 - Level 2.0 Spellcasting
 - Level 3.0 Translocations


You had 12 spell levels left.
You didn't know any spells.
Your spell library contained the following spells:

 Spells                   Type           Power      Damage    Failure   Level
 Blink                    Tloc           22%        N/A       14%         2
 Gell's Gravitas          Tloc           11%        N/A       28%         3
 Lesser Beckoning         Tloc           11%        N/A       28%         3
 Teleport Other           Tloc           11%        N/A       28%         3
 Beastly Appendage        Tmut           2%         N/A       32%         1
 Static Discharge         Conj/Air       1%         N/A       43%         2
 Wereblood                Tmut           1%         N/A       43%         2
 Spider Form              Tmut/Pois      1%         N/A       67%         3
 Tukima's Dance           Hex            1%         N/A       67%         3
 Passage of Golubria      Tloc           11%        N/A       67%         4
 Manifold Assault         Tloc           11%        N/A       95%         5
 Dispel Undead            Necr           1%         3d6       97%         4
 Sticky Flame             Conj/Fire      1%         2d3       97%         4
 Summon Forest            Summ/Tloc      3%         N/A       99%         5
 Yara's Violent Unravell  Hex/Tmut       0%         3d3       100%        5
 Eringya's Noxious Bog    Tmut/Pois      0%         N/A       100%        6
 Summon Hydra             Summ           0%         N/A       100%        7


Dungeon Overview and Level Annotations

Branches:
Dungeon (7/15)            Ossuary (visited)          Bailey (1/1)
 Temple: D:4-7

Altars:
Cheibriados
Kikubaaqudgha
Sif Muna
Trog
Zin

Shops:
D:4 [   D:5 !   D:6 =


Innate Abilities, Weirdness & Mutations

Your serpentine skin is tough. (AC +3)
You have supernaturally acute eyesight. (SInv)
Armour fits poorly on your strangely shaped body.
Your system is resistant to poisons. (rPois)
You cover ground very slowly.
You can spit poison.
You have a snake-like lower body.


Message History

The floor, spattered with blood.
Unknown command.
Unknown command.
Blink to where?
Press: ? - help, Dir - move target
As you read the scroll of blinking, it crumbles to dust.
Aiming: Spit Poison (1% risk of failure)
Press: ? - help, Shift-Dir - straight line, f - you That beam is likely to hit you.
Continue anyway?
Okay, then.
Press: ? - help, v - describe, . - travel
Here: a spriggan, wielding the +9 dagger "Isy Yhunut" {pain, rC+ Int+4 SInv Stlth-} (strong)
The floor.
You feel better.
You feel very mighty all of a sudden.
Aiming: Spit Poison (1% risk of failure)
Press: ? - help, Shift-Dir - straight line, f - spriggan
Aim: a spriggan, wielding the +9 dagger "Isy Yhunut" {pain, rC+ Int+4 SInv Stlth-} (strong, 34% to hit)
The splash of poison hits the spriggan!
The spriggan is moderately wounded.
Unknown command.
Unknown command.
Unknown command.
Throw: 7 boomerangs (disperse)
Press: ? - help, Q - select action, (/) - cycle Shift-Dir - straight line, f/p - spriggan
Aim: a spriggan, wielding the +9 dagger "Isy Yhunut" {pain, rC+ Int+4 SInv Stlth-} (moderately wounded, strong, 29% to hit)
You throw a boomerang of dispersal.
The boomerang of dispersal misses the spriggan.
Unknown command.
Unknown command.
Unknown command.
Throw: 6 boomerangs (disperse)
Press: ? - help, Q - select action, (/) - cycle Shift-Dir - straight line, f/p - spriggan
Aim: a spriggan, wielding the +9 dagger "Isy Yhunut" {pain, rC+ Int+4 SInv Stlth-} (moderately wounded, strong, 29% to hit)
You throw a boomerang of dispersal.
The boomerang of dispersal hits the spriggan.
The spriggan blinks!
The spriggan is moderately wounded.
The spriggan hits you with the +9 dagger "Isy Yhunut" {pain, rC+ Int+4 SInv Stlth-}!!
You die...

#######
###.....###
##.........##
##...........##
#....@i..∩....#
##...........##
##..§......##
###≈≈≈≈≈###
#≈≈≈≈≈#
##≈≈≈≈≈##
#.......##
#......).)##
..#######..##


You could see a spriggan (strong).

Vanquished Creatures
  A two-headed ogre (Bailey)
  A spriggan (Bailey)
  A steam dragon (Bailey)
  2 water moccasins
  A sky beast (D:6)
  3 ice beasts
  3 ogres (Bailey)
  A centaur (D:6)
  A phantom (D:7)
  A gnoll sergeant (D:5)
  A necrophage (D:6)
  2 scorpions
  5 wights (D:7)
  A howler monkey (D:5)
  A jelly (D:3)
  A gnoll shaman (D:4)
  An orc priest (D:3)
  2 hounds (D:5)
  5 iguanas
  An orc wizard (D:3)
  4 mummies (Ossuary)
  11 gnolls
  9 adders
  A shadow imp (D:6)
  An ufetubus (D:6)
  A worm (D:5)
  3 dart slugs
  19 orcs
  5 bats
  2 bat skeletons (D:3)
  3 bat zombies (D:3)
  13 endoplasms
  4 giant cockroaches
  12 goblins
  6 hobgoblins
  2 jackals (D:2)
  9 kobolds
  4 quokkas
  5 ball pythons
  3 frilled lizards (D:2)
  2 gnoll zombies (Ossuary)
  A goblin zombie (Ossuary)
  2 hobgoblin zombies (Ossuary)
  A kobold zombie (Ossuary)
  2 orc zombies (Ossuary)
  9 rats
169 creatures vanquished.

Notes
Turn   | Place    | Note
-------+----------+-------------------------------------------
     0 | D:1      | HendSelp the Naga Warper began the quest for the Orb.
     0 | D:1      | Reached XP level 1. HP: 19/19 MP: 3/3
   241 | D:1      | Reached XP level 2. HP: 26/26 MP: 5/5
  1023 | D:1      | Reached XP level 3. HP: 33/33 MP: 6/6
  1030 | D:1      | Found a faded altar of an unknown god.
  1416 | D:2      | Reached skill level 3 in Maces & Flails
  1452 | D:2      | Identified the +7 scimitar of Sloth {flame, rN+ rCorr Str-3
                  | Dex+6}
  1482 | D:2      | Reached XP level 4. HP: 30/42 MP: 7/7
  2090 | D:2      | Reached skill level 4 in Maces & Flails
  2506 | D:3      | Reached XP level 5. HP: 46/49 MP: 8/8
  3035 | D:3      | Reached skill level 5 in Maces & Flails
  3046 | D:3      | Found a snail-covered altar of Cheibriados.
  3146 | D:3      | Reached XP level 6. HP: 57/57 MP: 9/9
  3400 | D:3      | Identified the +7 hand axe "Coteiqoz" {distort, rElec rF-
                  | Int+5 Dex+4}
  3450 | D:3      | Found a shimmering blue altar of Sif Muna.
  3669 | D:3      | Found an ancient bone altar of Kikubaaqudgha.
  3803 | D:4      | Found a bloodstained altar of Trog.
  4266 | D:4      | Found Virhuaseu's Armour Emporium.
  4298 | D:4      | Found a glowing silver altar of Zin.
  5413 | D:5      | Entered Level 5 of the Dungeon
  5428 | D:5      | Reached skill level 6 in Maces & Flails
  5506 | D:5      | Found Nemukesch's Distillery.
  5528 | D:5      | Reached XP level 7. HP: 61/66 MP: 10/10
  5721 | D:5      | HP: 3/66 [gnoll sergeant/+0 spear (7)]
  6355 | D:6      | Found Eqof's Jewellery Shop.
  6373 | D:6      | Reached skill level 5 in Fighting
  6373 | D:6      | Reached skill level 7 in Maces & Flails
  6578 | D:6      | Reached XP level 8. HP: 72/74 MP: 11/11
  6691 | D:6      | Reached skill level 8 in Maces & Flails
  6722 | D:6      | Identified the +1 robe "Ciar" {rC++}
  6805 | D:6      | Found a sand-covered staircase.
  6815 | Ossuary  | Entered an ossuary
  7726 | D:7      | Reached skill level 9 in Maces & Flails
  7855 | D:7      | Reached XP level 9. HP: 79/85 MP: 12/12
  7920 | D:7      | Reached skill level 10 in Maces & Flails
  7940 | D:7      | Found a flagged portal.
  7951 | Bailey   | Entered a bailey
  8138 | Bailey   | Noticed a two-headed ogre
  8150 | Bailey   | Killed a two-headed ogre
  8151 | Bailey   | Reached skill level 11 in Maces & Flails
  8173 | Bailey   | Identified the +9 dagger "Isy Yhunut" {pain, rC+ Int+4 SInv
                  | Stlth-}
  8223 | Bailey   | Slain by a spriggan

Illustrated notes

Levels and vault maps discovered:
D:1:      roderic_dead_forest, layout_rooms,
          dreamdust_ecumenical_altar_angels_and_demons, minmay_surrounded
D:2:      layout_loops_corners, grunt_decor_cap, minmay_splitting_lines,
          minmay_joined_circles
D:3:      cheibrodos_pilgrimage, layout_loops_ring, kennysheep_vampire_church,
          kennysheep_slug_shrine, led_sif_pool, kennysheep_small_spiral,
          kennysheep_nub
D:4:      layout_layer_cave, kennysheep_little_box,
          mainiacjoe_overflow_surrounded_room, serial_shops,
          nicolae_diamond_shop, minmay_misc_feat_roman
D:5:      layout_rooms, serial_shops, nicolae_shop_behind_doors
D:6:      layout_cave_pods, enter_ossuary_1, serial_shops, nicolae_stop_n_shop_2
D:7:      layout_loops_ring, minmay_temple_entry_statues_pillars,
          enter_bailey_5, uniq_menkaure
Bailey:   bailey_polearm_enchanted_keep_hellmonk, bailey

Skill      XL: |  1  2  3  4  5  6  7  8  9 |
---------------+----------------------------+-----
Maces & Flails | 3 4 5 6 7 9 11 | 11.4
Fighting       | 3 4 5 6 7 |  7.6
Throwing       | |  0.8
Armour         | |  0.7
Dodging        | |  1.5
Spellcasting   | |  2.0
Translocations | |  3.0

Action                   |  1- 3 |  4- 6 |  7- 9 || total
-------------------------+-------+-------+-------++-------
Melee: Mace              |    94 |    30 |       ||   124
       Punch             |     1 |     2 |     3 ||     6
       Flail             |       |   170 |   269 ||   439
Throw: Boomerang         |       |       |     2 ||     2
 Abil: Spit Poison       |    13 |    11 |     4 ||    28
Evoke: Wand              |       |     2 |       ||     2
  Use: Scroll            |     5 |     9 |     9 ||    23
       Potion            |     1 |     1 |     2 ||     4
 Stab: Invisible         |     2 |       |       ||     2
Armor: Leather armour    |    11 |       |       ||    11
       Ring mail         |    23 |   189 |   242 ||   454
Dodge: Dodged            |    61 |    73 |   103 ||   237

Table legend: (Time is in decaauts)
 A = Elapsed time spent in this place.
 B = Non-inter-level travel time spent in this place.
 C = Inter-level travel time spent in this place.
 D = Time resting spent in this place.
 E = Time spent auto-exploring this place.
 F = Levels seen in this place.
 G = Mean time per level.
                   A        B        C        D        E       F      G
               +--------+--------+--------+--------+--------+-----+--------+
         Total |  10166 |   9837 |    329 |    614 |   7443 |   9 | 1129.6 |
       Dungeon |   9497 |   9168 |    329 |    557 |   7036 |   7 | 1356.7 |
       Ossuary |    384 |    384 |      0 |      0 |    270 |   1 |  384.0 |
        Bailey |    283 |    283 |      0 |     57 |    136 |   1 |  283.0 |
               +--------+--------+--------+--------+--------+-----+--------+

Top non-repeatable levels by time:
     D:4: 2163 daAuts
     D:2: 1742 daAuts
     D:3: 1548 daAuts
     D:6: 1353 daAuts
     D:1: 1320 daAuts
     D:5: 1106 daAuts
 Ossuary: 384 daAuts
  Bailey: 283 daAuts
     D:7: 262 daAuts
